 Dungeon Crawl Stone Soup version 0.23-a0-607-g760965b (webtiles) character file.

5306 MalarOregon the Spear-Bearer (level 10, -6/86 HPs)
             Began as a Merfolk Gladiator on Dec 20, 2018.
             Was a Priest of Nemelex Xobeh.
             Mangled by an orc warrior
             ... wielding a +0 long sword of slicing
              (10 damage)
             ... on level 9 of the Dungeon.
             The game lasted 00:21:30 (9483 turns).

MalarOregon the Spear-Bearer (Merfolk Gladiator)    Turns: 9483, Time: 00:21:30

Health: -6/86      AC: 15    Str: 17    XL:     10   Next: 64%
Magic:  14/14      EV: 11    Int:  9    God:    Nemelex Xobeh [***...]
Gold:   627        SH:  0    Dex: 15    Spells: 9/9 levels left

rFire    + . .     SeeInvis +   y - +0 halberd (flame)
rCold    . . .     Gourm    .   (shield currently unavailable)
rNeg     . . .     Faith    .   A - +1 chain mail {rF+}
rPois    .         Spirit   .   c - +0 helmet
rElec    .         Reflect  .   (no cloak)
rCorr    .         Harm     .   o - +1 pair of gloves
MR       .....                  K - +2 pair of boots
Stlth    ..........             D - amulet of regeneration
HPRegen  0.64/turn              C - ring of attention (curse)
MPRegen  0.14/turn              (no ring)

@: about to teleport
A: change form in water, swift swim, stealthy swim, see invisible, robust 1,
subdued magic 1
a: Draw Escape, Draw Destruction, Draw Summoning, Triple Draw, Renounce Religion


You were on level 9 of the Dungeon.
You worshipped Nemelex Xobeh.
Nemelex Xobeh was most pleased with you.
You were near starving.

You visited 2 branches of the dungeon, and saw 10 of its levels.

You collected 627 gold pieces.

Inventory:

Hand Weapons
 a - a +0 trident
 l - a +0 blowgun
   (You took it off a kobold on level 2 of the Dungeon)
 x - the +7 Spriggan's Knife {stab, EV+4 Stlth+}
   (You found it on level 4 of the Dungeon)

   It affects your evasion (+4).
   It makes you more stealthy.
 y - a +0 halberd of flaming (weapon)
   (You took it off a gnoll on level 4 of the Dungeon)
Missiles
 d - 5 throwing nets {!f}
 i - 38 poisoned needles
 j - 305 stones (quivered)
 H - 4 tomahawks
Armour
 c - a +0 helmet (worn)
 n - a +0 chain mail of positive energy
   (You found it on level 2 of the Dungeon)
 o - a +1 pair of gloves (worn)
   (You found it on level 3 of the Dungeon)
 A - a +1 chain mail of fire resistance (worn)
   (You took it off Edmund in the Ecumenical Temple)
 K - a +2 pair of boots (worn)
   (You found it on level 8 of the Dungeon)
Jewellery
 m - a +2 amulet of reflection
   (You found it on level 4 of the Dungeon)
 C - a cursed ring of attention (left hand)
   (You found it on level 5 of the Dungeon)
 D - an amulet of regeneration (around neck)
   (You found it on level 6 of the Dungeon)
 E - a cursed amulet of inaccuracy {unknown}
   (You found it on level 6 of the Dungeon)
Wands
 u - a wand of paralysis (6)
   (You found it on level 7 of the Dungeon)
 B - a wand of polymorph (4)
   (You found it on level 5 of the Dungeon)
Scrolls
 f - 2 scrolls of enchant weapon {unknown}
 g - a scroll of noise {unknown}
 h - 6 scrolls of remove curse {@r2}
 k - a scroll of fear
 p - 3 scrolls of amnesia {unknown}
 q - 7 scrolls of identify {@r1}
 s - a scroll of teleportation {@r4}
 t - a scroll of immolation {unknown}
 F - 2 scrolls of magic mapping {unknown}
 J - a scroll of vulnerability {unknown}
Potions
 b - a potion of brilliance {unknown}
 r - 2 potions of curing {@q1}
 v - a potion of agility {unknown}
 w - 3 potions of mutation {!q}
 z - a potion of cancellation
 G - a potion of heal wounds {@q2}
 I - a potion of flight {unknown}
 L - a potion of magic {unknown}
 M - a potion of invisibility
Comestibles
 e - 27 rations {!d}


   Skills:
 + Level 7.2 Fighting
 * Level 13.0 Polearms
 + Level 6.6 Throwing
 + Level 9.3 Dodging
 + Level 6.6 Invocations


You had 9 spell levels left.
You didn't know any spells.
Your spell library was empty.

Dungeon Overview and Level Annotations

Branches:
Dungeon (9/15)             Temple (1/1) D:5
   Lair: D:8-11         Orc: D:9-12

Altars:
Ashenzari
Cheibriados
Dithmenos
Elyvilon
Fedhas
Gozag
Hepliaklqana
Kikubaaqudgha
Makhleb
Nemelex Xobeh
Okawaru
Qazlal
Ru
Sif Muna
Trog
Uskayaw
Vehumet
Wu Jian
Xom
Yredelemnul
Zin
The Shining One


Innate Abilities, Weirdness & Mutations

You revert to your normal form in water.
You are very nimble and swift while swimming.
You are very stealthy in the water. (Stealth+)
You have supernaturally acute eyesight. (SInv)
You are robust. (+10% HP)
Your spells are a little easier to cast, but a little less powerful.


Message History

The jackal bites you but does no damage.
The jackal barely misses you.
The orc warrior hits you with a +0 long sword of slicing!
* * * LOW HITPOINT WARNING * * *
* * * LOW HITPOINT WARNING * * *
The orc wizard hits you but does no damage.
You are too injured to fight recklessly!
You are too injured to fight recklessly!
As you read the scroll of teleportation {@r4}, it crumbles to dust.
You feel strangely unstable.
The jackal bites you but does no damage. x2
The adder bites you but does no damage.
The jackal bites you but does no damage.
The orc priest hits you.
* * * LOW HITPOINT WARNING * * *
The orc warrior hits you with a +0 long sword of slicing!
* * * LOW HITPOINT WARNING * * *
* * * LOW HITPOINT WARNING * * *
The jackal barely misses you. The jackal misses you. The jackal bites you.
* * * LOW HITPOINT WARNING * * *
The adder bites you but does no damage.
The orc wizard hits you but does no damage.
Unknown command.
Your chain mail prevents you from hitting the orc warrior.
The orc priest completely misses you.
The jackal bites you but does no damage.
The jackal barely misses you.
The jackal bites you but does no damage.
The adder barely misses you.
The orc warrior hits you with a +0 long sword of slicing!
* * * LOW HITPOINT WARNING * * *
* * * LOW HITPOINT WARNING * * *
The orc wizard misses you.
Unknown command.
You hit the orc priest. You burn the orc priest.
The jackal bites you but does no damage. x2
The jackal completely misses you. The adder bites you but does no damage.
The orc priest barely misses you.
Unknown command.
Unknown command.
You puncture the orc priest! You burn the orc priest.
You kill the orc priest!
The jackal misses you. The jackal barely misses you.
The orc wizard points at you and mumbles some strange words.
The magic dart hits you!
* * * LOW HITPOINT WARNING * * *
The jackal bites you but does no damage.
The orc warrior hits you with a +0 long sword of slicing!
You die...
Your body disappears without a glow.

..###########.....<..
. #.####### #.# #.#
#.########
.###########.........
.......$.............
......[S.(..#########
......h@o...#
......hho...#
.......o....#
............#
..............
...............
....########### ....


You could see an orc warrior, an orc wizard (invisible), an adder, an orc and 3
jackals.

Vanquished Creatures
  A queen bee (D:8)
  A hippogriff (D:7)
  Edmund (Temple)
  An ice beast (D:5)
  2 orc warriors
  3 sky beasts
  A black bear (D:8)
  7 ogres
  5 centaurs
  4 bullfrogs
  A scorpion (D:5)
  The ghost of SaintRoka the Chopper, a weakling NaBe of Trog (D:3)
  17 killer bees
  2 howler monkeys
  A bullfrog zombie (D:7)
  7 crimson imps
  3 hounds
  3 jellies
  5 orc priests
  A centaur skeleton (D:5)
  A bullfrog skeleton (D:4)
  Terence (D:2)
  An iguana (D:4)
  11 orc wizards
  6 worker ants
  A killer bee zombie (D:9)
  A hound skeleton (D:4)
  A mummy (D:8)
  14 gnolls
  6 adders
  A shadow imp (D:5)
  An ooze (D:4)
  An adder skeleton (D:6)
  2 worms
  2 dart slugs (D:2)
  3 leopard geckos
  23 orcs
  2 giant cockroaches
  17 goblins
  12 hobgoblins
  8 jackals
  4 quokkas
  2 ball pythons (D:1)
  5 bats
  7 frilled lizards
  2 hobgoblin zombies (D:8)
  13 kobolds
  A kobold zombie (D:8)
  2 leopard gecko skeletons
  An orc zombie (D:8)
  6 rats
225 creatures vanquished.

Vanquished Creatures (collateral kills)
  The ghost of Duffy the Thaumaturge, a novice DEFE of Vehumet (D:7)
  A water moccasin (D:7)
  A jelly (D:7)
3 creatures vanquished.

Grand Total: 228 creatures vanquished

Notes
Turn   | Place    | Note
-------+----------+-------------------------------------------
     0 | D:1      | MalarOregon the Merfolk Gladiator began the quest for the
                  | Orb.
     0 | D:1      | Reached XP level 1. HP: 16/16 MP: 1/1
    66 | D:1      | Reached XP level 2. HP: 10/23 MP: 2/2
   520 | D:1      | Reached XP level 3. HP: 3/28 MP: 3/3
  1170 | D:2      | Noticed Terence
  1197 | D:2      | Reached skill level 5 in Polearms
  1627 | D:2      | Reached XP level 4. HP: 31/35 MP: 4/4
  2119 | D:2      | Killed Terence
  2119 | D:2      | Reached skill level 5 in Dodging
  2565 | D:3      | Found a stormy altar of Qazlal.
  2569 | D:3      | Found an ancient bone altar of Kikubaaqudgha.
  2572 | D:3      | Found a sparkling altar of Nemelex Xobeh.
  2653 | D:3      | Became a worshipper of Nemelex Xobeh the Trickster
  2692 | D:3      | Reached XP level 5. HP: 41/41 MP: 5/5
  2718 | D:3      | Found a large runed door.
  2718 | D:3      | Found a large runed door.
  2720 | D:3      | Noticed SaintRoka's ghost (weakling NaBe)
  2740 | D:3      | Found a faded altar of an unknown god.
  2854 | D:3      | Received a gift from Nemelex Xobeh
  3214 | D:3      | Killed SaintRoka's ghost
  3356 | D:4      | Reached skill level 6 in Polearms
  3356 | D:4      | Reached skill level 1 in Invocations
  3448 | D:4      | Reached XP level 6. HP: 26/47 MP: 6/6
  3749 | D:4      | Found the +7 Spriggan's Knife {stab, EV+4 Stlth+}
  4390 | D:4      | Reached skill level 7 in Polearms
  4390 | D:4      | Reached XP level 7. HP: 52/54 MP: 8/8
  4936 | D:5      | Entered Level 5 of the Dungeon
  4936 | D:5      | Reached * piety under Nemelex Xobeh
  4941 | D:5      | Reached skill level 8 in Polearms
  4943 | D:5      | Found a staircase to the Ecumenical Temple.
  4974 | Temple   | Entered the Ecumenical Temple
  5211 | D:5      | Noticed Edmund
  5214 | D:5      | Gained mutation: Your spells are a little easier to cast,
                  | but a little less powerful. [potion of mutation]
  5214 | D:5      | Gained mutation: You are robust. (+10% HP) [potion of
                  | mutation]
  5214 | D:5      | Gained mutation: You have supernaturally acute eyesight.
                  | (SInv) [potion of mutation]
  5270 | Temple   | Killed Edmund
  5270 | Temple   | Reached XP level 8. HP: 26/67 MP: 10/10
  5543 | D:5      | Received a gift from Nemelex Xobeh
  5573 | D:5      | Reached skill level 9 in Polearms
  5596 | D:5      | HP: 3/67 [orc wizard/magic dart (8)]
  5918 | D:5      | Reached skill level 5 in Fighting
  6485 | D:6      | Found a snail-covered altar of Cheibriados.
  6505 | D:6      | Reached skill level 10 in Polearms
  6505 | D:6      | Reached XP level 9. HP: 46/74 MP: 12/12
  6548 | D:6      | Reached skill level 5 in Throwing
  6563 | D:6      | Found a glowing golden altar of the Shining One.
  6595 | D:6      | Reached ** piety under Nemelex Xobeh
  6595 | D:6      | Received a gift from Nemelex Xobeh
  7286 | D:7      | Found a runed gate.
  7286 | D:7      | Found a runed gate.
  7288 | D:7      | Received a gift from Nemelex Xobeh
  7367 | D:7      | Noticed Duffy's ghost (novice DEFE)
  7369 | D:7      | Found an opulent altar of Gozag.
  7432 | D:7      | Reached skill level 11 in Polearms
  7432 | D:7      | Reached skill level 5 in Invocations
  7846 | D:7      | Found a runed gate.
  7862 | D:7      | Killed Duffy's ghost
  7862 | D:7      | Reached XP level 10. HP: 78/84 MP: 14/14
  8008 | D:8      | Reached skill level 12 in Polearms
  8058 | D:8      | Received a gift from Nemelex Xobeh
  8205 | D:8      | Reached *** piety under Nemelex Xobeh
  9268 | D:9      | Received a gift from Nemelex Xobeh
  9478 | D:9      | Reached skill level 13 in Polearms
  9483 | D:9      | HP: 4/86 [orc wizard/magic dart (7)]
  9483 | D:9      | Mangled by an orc warrior

Vault maps used:
D:1:      minmay_arrival_cross, st_stairs_5
D:2:      grunt_decor_arrowhead, uniq_terence
D:3:      minitemple, chequers_ecumenical_altar_grove,
          ebering_ghost_disaster_area, grunt_decor_mini_mirrors
D:4:      corexii_shantytown, first_ration
D:5:      temple_statues, minivault_11, uniq_edmund
D:6:      nicolae_tso_carved_into_rock, overflow_temple_1_default
D:7:      ebering_ghost_gozag, chequers_serial_rivers_small_3,
          kennysheep_generic_room_16
D:8:      david_nohive_1, minmay_mini_ossuary
D:9:      david_orc_4
Temple:   minmay_temple_bridge_d

Skill      XL: |  1  2  3  4  5  6  7  8  9 10 |
---------------+-------------------------------+-----
Polearms       | 5 6 7 8 10 11 13 | 13.0
Fighting       | 3 4 5 6 7 |  7.2
Dodging        | 5 6 7 8 9 |  9.3
Throwing       | 3 4 5 6 |  6.6
Invocations    | 1 2 3 4 5 6 |  6.6

Action                   |  1- 3 |  4- 6 |  7- 9 | 10-12 || total
-------------------------+-------+-------+-------+-------++-------
Melee: Trident           |   111 |   212 |   115 |       ||   438
       Knife             |       |    11 |    19 |       ||    30
       Halberd           |       |       |   240 |   214 ||   454
       Tailslap          |       |       |     1 |       ||     1
 Fire: Blowgun           |       |     7 |     6 |       ||    13
Throw: Stone             |     5 |       |       |       ||     5
 Abil: Draw Summoning    |       |       |     1 |       ||     1
Evoke: Wand              |       |       |       |     1 ||     1
  Use: Scroll            |     4 |     3 |     1 |     2 ||    10
       Potion            |     1 |     3 |     1 |       ||     5
 Stab: Sleeping          |     2 |     5 |     1 |       ||     8
       Distracted        |       |       |       |     2 ||     2
  Eat: Chunk             |     2 |     9 |     8 |     4 ||    23
       Ration            |       |       |     1 |       ||     1
Armor: Leather armour    |    22 |    32 |    19 |       ||    73
       Chain mail        |       |       |   132 |   152 ||   284
Dodge: Dodged            |    80 |   141 |   166 |   155 ||   542
Block: Other             |       |     7 |    13 |       ||    20
       Reflection        |       |       |     1 |       ||     1

Table legend:
 A = Non-vault XP
 B = Vault XP
 C = Vault XP percentage of total XP
 D = Non-vault monster count
 E = Vault monster count
 F = Vault count percentage of total count
                 A         B        C        D         E       F
            +---------+---------+-------+---------+---------+-------
      Total |    5494 |    2086 |  27.5 |     174 |      54 |  23.7
            +---------+---------+-------+---------+---------+-------
        D:1 |      43 |       6 |  12.2 |      19 |       3 |  13.6
        D:2 |      67 |      38 |  36.2 |      18 |       1 |   5.3
        D:3 |      78 |      67 |  46.2 |      14 |       1 |   6.7
        D:4 |     614 |     112 |  15.4 |      32 |      27 |  45.8
        D:5 |     840 |       0 |   0.0 |      16 |       0 |   0.0
        D:6 |    1030 |       0 |   0.0 |      22 |       0 |   0.0
        D:7 |    1039 |     812 |  43.9 |      20 |       6 |  23.1
        D:8 |    1448 |     885 |  37.9 |      27 |      15 |  35.7
        D:9 |     322 |       0 |   0.0 |       5 |       0 |   0.0
     Temple |      13 |     166 |  92.7 |       1 |       1 |  50.0
            +---------+---------+-------+---------+---------+-------
